 Dungeon Crawl Stone Soup version 0.26-a0-663-g36e8fdb655 (webtiles) character file.

Game seed: 11352797537690428494

660 nomicflux the Digger (level 7, 0/43 HPs)
             Began as a Gargoyle Earth Elementalist on Oct 11, 2020.
             Was an Initiate of Vehumet.
             Slain by an orc warrior
             ... wielding a +0 scimitar
              (16 damage)
             ... on level 6 of the Dungeon.
             The game lasted 00:10:49 (5017 turns).

nomicflux the Digger (Gargoyle Earth Elementalist)  Turns: 5017, Time: 00:10:50

Health: 0/43       AC:  7    Str: 15    XL:     7   Next: 56%
Magic:  10/13      EV: 12    Int: 17    God:    Vehumet [......]
Gold:   292        SH:  0    Dex: 10    Spells: 5/14 levels left

rFire    . . .     SeeInvis .   v - +7 rapier "Qetser" {drain, MR+ Str+3}
rCold    . . .     Faith    .   (no shield)
rNeg     + . .     Spirit   .   c - +0 robe
rPois    ∞         Reflect  .   (no helmet)
rElec    +         Harm     .   (no cloak)
rCorr    .         Rampage  .   (no gloves)
MR       +....                  m - +0 pair of boots
Stlth    ++........             (no amulet)
HPRegen  0.14/turn              (no ring)
MPRegen  0.13/turn              (no ring)

@: no status effects
A: negative energy resistance 1, electricity resistance, unbreathing,
petrification resistance, rot immunity, AC +4
a: Renounce Religion


You were on level 6 of the Dungeon.
You worshipped Vehumet.
Vehumet was noncommittal.
You visited 2 branches of the dungeon, and saw 7 of its levels.

You collected 292 gold pieces.

Inventory:

Hand Weapons
 g - a +4 whip
 v - the +7 rapier "Qetser" (weapon) {drain, MR+ Str+3}
   (You found it on level 5 of the Dungeon)

   A truly terrible weapon, it drains the life of those it strikes.
   It affects your strength (+3).
   It affects your resistance to hostile enchantments.
Missiles
 b - 88 stones (quivered)
Armour
 c - a +0 robe (worn)
 m - a +0 pair of boots (worn)
Jewellery
 o - an uncursed ring of wizardry {unknown}
 w - an uncursed ring of protection from cold {unknown}
Scrolls
 a - 2 scrolls of amnesia {unknown}
 d - 3 scrolls of identify {unknown}
 f - 3 scrolls of teleportation {unknown}
 h - a scroll of enchant armour {unknown}
 j - a scroll of enchant weapon {unknown}
 l - a scroll of remove curse {unknown}
 n - a scroll of magic mapping {unknown}
 p - a scroll of noise {unknown}
Potions
 e - a potion of stabbing {unknown}
 i - 3 potions of brilliance {unknown}
 k - a potion of cancellation {unknown}
 q - a potion of heal wounds {unknown}
 r - a potion of berserk rage {unknown}
 s - a potion of resistance {unknown}
 t - 3 potions of flight {unknown}
 u - a potion of curing {unknown}
 x - a potion of lignification {unknown}
 z - 2 potions of degeneration {unknown}


   Skills:
 + Level 4.2 Fighting
 - Level 1.5 Dodging
 - Level 2.1 Stealth
 + Level 4.2 Spellcasting
 + Level 3.7 Conjurations
   Level 0.7 Transmutations
 + Level 6.0 Earth Magic


You had 5 spell levels left.
You knew the following spells:

 Your Spells              Type           Power        Failure   Level
a - Sandblast             Erth           ###...       1%          1
b - Stone Arrow           Conj/Erth      ###...       6%          3
c - Lee's Rapid Deconstr  Erth           ###.......   34%         5

Your spell library contained the following spells:

 Spells                   Type           Power        Failure   Level
 Passwall                 Tmut/Erth      ###.....     6%          2
 Petrify                  Tmut/Erth      ###.....     36%         4


Dungeon Overview and Level Annotations

Branches:
Dungeon (6/15)             Temple (1/1) D:5

Altars:
Cheibriados
Dithmenos
Elyvilon
Gozag
Hepliaklqana
Makhleb
Nemelex Xobeh
Okawaru
Qazlal
Ru
Sif Muna
Uskayaw
Vehumet
Xom
Zin

Shops:
D:5 (


Innate Abilities, Weirdness & Mutations

You are resistant to torment.
Your stone body is resilient. (AC +4)
You are immune to poison.
You resist negative energy. (rN+)
You are resistant to electric shocks. (rElec)
You can survive without breathing.
You are immune to petrification.
You are immune to rotting.


Message History

You barely miss the orc warrior.
The orc warrior hits you with a +0 scimitar!
You closely miss the orc warrior.
The orc warrior hits you with a +0 scimitar!
You barely miss the orc warrior. The orc warrior misses you.
You closely miss the orc warrior.
The orc warrior hits you with a +0 scimitar!
Casting: Stone Arrow (dangerous; 6% risk of failure)
Confirm with . or Enter, or press ? or * to list all spells.
The spell is extremely dangerous to cast (34% risk of failure)!
Continue anyway?
Okay, then.
Casting: Lee's Rapid Deconstruction (extremely dangerous; 34% risk of failure)
Confirm with . or Enter, or press ? or * to list all spells.
Aiming: Stone Arrow (dangerous; 6% risk of failure)
Press: ? - help, Shift-Dir - straight line, f - orc warrior
Aim: an orc warrior, wielding a +0 scimitar and wearing a +0 chain mail The stone arrow hits the orc warrior.
The orc warrior is lightly wounded.
The orc warrior hits you with a +0 scimitar!
You die...

#..............#
#.............#
...###########.#
#.###########.#
#..###### #.#
#.#......# #.#
........#
#.####.#.####.# #.#
#..####.# #......#.#
#.# #.# #..# #.#
########.# #.####.#
#..# #.# #.# #.......
#..####.#############.#
#.####.#
#.........)...oo@.....#
#.# #.#
#.#####.####.#.########
#.# #.# #. ##.####.#.#
#.# #.#
#.####.......#.# #.#
#.. #...#.######.#
#.###### #
#............# #.......
#.#)..##########
#.###### #.##.#####
#.### #........#
##...##


You could see an orc warrior and an orc wizard.

Vanquished Creatures
  An ogre (D:4)
  2 bullfrogs (D:6)
  A howler monkey (D:5)
  A bullfrog zombie (D:6)
  2 hounds (D:5)
  A bullfrog skeleton (D:4)
  An orc priest (D:5)
  3 orc wizards (D:5)
  10 adders
  2 oozes
  2 worms
  A leopard gecko (D:4)
  8 orcs
  4 ball pythons
  5 bats
  4 giant cockroaches
  12 goblins
  6 hobgoblins
  2 jackals (D:2)
  2 quokkas
  2 frilled lizards
  6 kobolds
  4 rats
82 creatures vanquished.

Vanquished Creatures (others)
  7 plants (D:1)
7 creatures vanquished.

Grand Total: 89 creatures vanquished

Notes
Turn   | Place    | Note
-------+----------+-------------------------------------------
     0 | D:1      | nomicflux the Gargoyle Earth Elementalist began the quest
                  | for the Orb.
     0 | D:1      | Reached XP level 1. HP: 10/10 MP: 3/3
   316 | D:1      | Reached XP level 2. HP: 16/16 MP: 3/5
   322 | D:1      | Reached skill level 1 in Fighting
   484 | D:1      | Reached skill level 4 in Earth Magic
   697 | D:1      | Reached XP level 3. HP: 20/20 MP: 3/6
   702 | D:1      | Learned a level 3 spell: Stone Arrow
  1681 | D:2      | Reached XP level 4. HP: 26/26 MP: 8/8
  1820 | D:2      | Reached skill level 1 in Conjurations
  2295 | D:3      | Found a stormy altar of Qazlal.
  2315 | D:3      | Noticed a two-headed ogre
  2499 | D:4      | You fall into a shaft and drop 1 floor!
  2499 | D:5      | Entered Level 5 of the Dungeon
  2507 | D:5      | Reached XP level 5. HP: 26/31 MP: 7/9
  2516 | D:5      | Learned a level 5 spell: Lee's Rapid Deconstruction
  2698 | D:5      | Got a scorched rapier
  2699 | D:5      | Identified the +7 rapier "Qetser" {drain, MR+ Str+3} (You
                  | found it on level 5 of the Dungeon)
  2756 | D:5      | Found a staircase to the Ecumenical Temple.
  2760 | Temple   | Entered the Ecumenical Temple
  2812 | Temple   | Became a worshipper of Vehumet
  3158 | D:5      | Reached skill level 5 in Earth Magic
  3163 | D:5      | Reached XP level 6. HP: 12/37 MP: 3/11
  3856 | D:4      | Found a snail-covered altar of Cheibriados.
  4203 | D:5      | Reached XP level 7. HP: 41/42 MP: 12/12
  4384 | D:5      | Found Tuomnot's Weapon Boutique.
  4837 | D:6      | Reached skill level 6 in Earth Magic
  5017 | D:6      | Slain by an orc warrior

Illustrated notes

Levels and vault maps discovered:
D:1:      dpeg_arrival_water_temple_mockup, layout_loops_ring,
          chequers_serial_rivers_small_a, chequers_big_river
D:2:      layout_basic, grunt_ministairs_9, minivault_4
D:3:      layout_basic, nicolae_overflow_hidden_temple, lemuel_crystal_altar,
          nrook_mini_backslash, uniq_robin
D:4:      layout_basic, lemuel_round_altar
D:5:      layout_basic, minmay_temple_entry_grid, serial_shops, shop,
          kennysheep_dice
D:6:      layout_loops_ring
Temple:   oiseaux_autumnal_temple

Skill      XL: |  1  2  3  4  5  6  7 |
---------------+----------------------+-----
Fighting       | 1 2 3 4 |  4.2
Earth Magic    | 4 5 6 |  6.0
Conjurations   | 1 2 3 |  3.7
Spellcasting   | 3 4 |  4.2
Dodging        | |  1.5
Stealth        | |  2.1
Transmutations | |  0.7

Action                   |  1- 3 |  4- 6 |  7- 9 || total
-------------------------+-------+-------+-------++-------
Melee: Whip              |    44 |    91 |       ||   135
       Rapier            |       |    30 |    26 ||    56
 Cast: Sandblast         |    28 |    18 |       ||    46
       Stone Arrow       |       |     5 |     3 ||     8
 Stab: Sleeping          |     3 |     3 |     2 ||     8
Armor: Robe              |    27 |    49 |     9 ||    85
Dodge: Dodged            |    56 |    75 |    13 ||   144

Table legend: (Time is in decaauts)
 A = Elapsed time spent in this place.
 B = Non-inter-level travel time spent in this place.
 C = Inter-level travel time spent in this place.
 D = Time resting spent in this place.
 E = Time spent auto-exploring this place.
 F = Levels seen in this place.
 G = Mean time per level.
                   A        B        C        D        E       F      G
               +--------+--------+--------+--------+--------+-----+--------+
         Total |   5066 |   4885 |    181 |    642 |   3216 |   7 |  723.7 |
       Dungeon |   4715 |   4568 |    147 |    642 |   2919 |   6 |  785.8 |
        Temple |    350 |    316 |     34 |      0 |    297 |   1 |  350.0 |
               +--------+--------+--------+--------+--------+-----+--------+

Top non-repeatable levels by time:
     D:1: 1165 daAuts
     D:5: 1139 daAuts
     D:2: 892 daAuts
     D:4: 800 daAuts
     D:3: 387 daAuts
  Temple: 350 daAuts
     D:6: 330 daAuts
